 Dungeon Crawl Stone Soup version 0.21.1-1-g345015f (webtiles) character file.

783085 lyrx the Annihilator (level 27, -33/262 HPs)
             Began as a Demonspawn Conjurer on Apr 14, 2018.
             Was the Champion of Vehumet.
             Killed from afar by an ancient champion (48 damage)
             ... with an iron shot
             ... on level 2 of the Tomb of the Ancients on Apr 17, 2018.
             The game lasted 20:31:01 (105830 turns).

lyrx the Annihilator (Demonspawn Conjurer)        Turns: 105830, Time: 20:31:01

Health: -33/262    AC: 41    Str: 19    XL:     27
Magic:  0/81       EV: 27    Int: 28    God:    Vehumet [******]
Gold:   2211       SH: 32    Dex: 19    Spells: 2/80 levels left

rFire    x . .     SeeInvis .   o - +8 falchion of Wondrous Power {slice, +Rage MR++ MP+9}
rCold    + + +     Gourm    .   M - +18 shield of the Gong {rElec rN+ MR+ EV-5}
rNeg     + + +     Faith    .   (armour currently unavailable)
rPois    ∞         Spirit   +   (helmet unavailable)
rElec    +         Reflect  .   O - +0 cloak "Egeagidu" {rC+ MP+9}
rCorr    .         Harm     .   (gloves currently unavailable)
MR       +++++                  (boots currently unavailable)
Stlth    ++........             I - amulet of magic regeneration
HPRegen  0.00/turn              e - ring of Hulogua {rElec rPois rC+ MR++ Dex+5}
MPRegen  1.19/turn              d - ring of Veosiug {Ice rN+ MP+9 Str+9 Slay-2}

@: statue-form, very slightly contaminated, slowed, very slow
A: horns 3, icy blue scales 3, blink, cold resistance 1, icemail, mutation
resistance 1, poison resistance, robust 3, inhibited regeneration, wild magic 1,
magic shield, magic regeneration, magic link, freezing cloud immunity
}: 4/15 runes: decaying, serpentine, slimy, silver
a: End Transformation, Blink, Renounce Religion, Evoke Berserk Rage


You were on level 2 of the Tomb of the Ancients.
You worshipped Vehumet.
Vehumet was exalted by your worship.
You were not hungry.
You were a stone statue.
You visited 13 branches of the dungeon, and saw 60 of its levels.
You visited 1 bazaar.

You collected 10071 gold pieces.
You spent 7860 gold pieces at shops.

Inventory:

Hand Weapons
 o - the +8 falchion of Wondrous Power (weapon) {slice, +Rage MR++ MP+9}
   (You bought it in a shop on level 3 of the Snake Pit)

   It inflicts extra damage upon your enemies.
   It affects your resistance to hostile enchantments.
   It affects your magic capacity (+9).
   It lets you go berserk.
 B - the +7 dagger of the Original Sin {flame, rElec rF+ rC+ MR+}
   (You found it on level 2 of the Depths)

   It has been specially enchanted to burn those struck by it, causing extra
   injury to most foes and up to half again as much damage against particularly
   susceptible opponents.
   It protects you from fire.
   It protects you from cold.
   It insulates you from electricity.
   It affects your resistance to hostile enchantments.
 P - the +6 hand axe of Tartarus {flame, +Fly rF- rN+++ Stlth+}
   (You took it off a deep elf mage on level 3 of the Elven Halls)

   It has been specially enchanted to burn those struck by it, causing extra
   injury to most foes and up to half again as much damage against particularly
   susceptible opponents.
   Big, fiery blades are also staple armaments of hydra-hunters.
   It makes you vulnerable to fire.
   It renders you almost immune to negative energy.
   It lets you fly.
   It makes you more stealthy.
Armour
 a - a +2 robe of fire resistance (melded)
 f - a +2 pair of boots of running (melded)
 u - a +3 buckler
 M - the +18 shield of the Gong (worn) {rElec rN+ MR+ EV-5}
   (You took it off an ironheart preserver on level 5 of the Vaults)

   It affects your evasion (-5).
   It insulates you from electricity.
   It protects you from negative energy.
   It affects your resistance to hostile enchantments.
 O - the +0 cloak "Egeagidu" (worn) {rC+ MP+9}
   (You bought it in a shop on level 1 of the Elven Halls)

   It protects you from cold.
   It affects your magic capacity (+9).
 X - the +2 pair of gloves of the Pure Mice (melded) {Str+2 Dex+6}
   (You bought it in a shop on level 3 of the Depths)

   It affects your strength (+2).
   It affects your dexterity (+6).
Magical Staves
 h - an uncursed staff of conjuration
Jewellery
 d - the ring of Veosiug (right hand) {Ice rN+ MP+9 Str+9 Slay-2}
   (You bought it in a shop on level 2 of the Orcish Mines)

   [ring of ice]

   It enhances your ice magic.
   It affects your strength (+9).
   It affects your accuracy and damage with ranged weapons and melee attacks
   (-2).
   It makes you vulnerable to fire.
   It protects you from cold.
   It protects you from negative energy.
   It affects your magic capacity (+9).
 e - the ring of Hulogua (left hand) {rElec rPois rC+ MR++ Dex+5}
   (You bought it in a shop on level 2 of the Orcish Mines)

   [ring of dexterity]

   It affects your dexterity (+5).
   It protects you from cold.
   It insulates you from electricity.
   It protects you from poison.
   It affects your resistance to hostile enchantments.
 n - a +6 amulet of reflection
 s - an uncursed amulet of regeneration
 I - an amulet of magic regeneration (around neck)
 J - the ring "Pasearch" {rPois rN+ SInv}
   (You found it on level 3 of the Crypt)

   [ring of positive energy]

   It protects you from poison.
   It protects you from negative energy.
   It lets you see invisible.
Wands
 b - a wand of acid (12)
 A - a wand of clouds (31)
 G - a wand of digging (79)
 Y - a wand of iceblast (66)
Scrolls
 g - 27 scrolls of remove curse
 k - 6 scrolls of magic mapping
 l - 17 scrolls of fear
 m - 26 scrolls of teleportation
 v - 9 scrolls of fog
 w - 17 scrolls of identify
 C - 11 scrolls of blinking
 F - a scroll of summoning
Potions
 j - 6 potions of brilliance
 p - 2 potions of haste
 q - 2 potions of invisibility
 t - 8 potions of heal wounds
 z - 4 potions of agility
 D - 10 potions of might
 E - a potion of resistance
 H - 2 potions of cancellation
 K - 7 potions of mutation
 Q - 5 potions of magic
 R - 16 potions of curing
Books
 r - a book of Debilitation

   Spells                             Type                      Level
   a - Corona                         Hexes                        1
   b - Slow                           Hexes                        2
   c - Inner Flame                    Hexes/Fire                   3
   d - Portal Projectile              Hexes/Translocation          3
   e - Cause Fear                     Hexes                        4
   f - Leda's Liquefaction            Hexes/Earth                  4
Miscellaneous
 i - a lamp of fire
 x - 4 phantom mirrors
 L - a fan of gales
 T - a phial of floods
 W - a lightning rod (4/4)
Comestibles
 c - 44 rations


   Skills:
 + Level 22.5 Dodging
 - Level 2.0 Stealth
 - Level 15.0 Shields
 O Level 27 Spellcasting
 O Level 27 Conjurations
 - Level 5.1 Necromancy
 - Level 8.0 Transmutations
 + Level 14.2 Fire Magic
 + Level 8.4 Ice Magic
 - Level 11.0 Earth Magic


You had 2 spell levels left.
You knew the following spells:

 Your Spells              Type           Power        Failure   Level  Hunger
a - Magic Dart            Conj           ####         1%          1    None
b - Orb of Destruction    Conj           ########..   1%          7    None
c - Lee's Rapid Deconstr  Erth           #######...   1%          5    None
d - Bolt of Draining      Conj/Necr      ########..   1%          5    None
e - Ignition              Fire           ########..   5%          8    ###....
f - Fireball              Conj/Fire      ########..   1%          5    None
g - Irradiate             Conj/Tmut      ########..   1%          5    None
i - Fire Storm            Conj/Fire      ########..   5%          9    #####..
j - Ozocubu's Refrigerat  Ice            ########..   1%          6    None
k - Glaciate              Conj/Ice       ########..   13%         9    #####..
l - Lehudib's Crystal Sp  Conj/Erth      ########..   1%          8    ###....
m - Statue Form           Tmut/Erth      #######..    3%          6    None
n - Blink                 Tloc           N/A          2%          2    None
o - Swiftness             Chrm/Air       #####...     2%          2    None


Dungeon Overview and Level Annotations

Branches:
Dungeon (15/15)            Temple (1/1) D:5            Lair (6/6) D:8
  Swamp (4/4) Lair:3        Snake (4/4) Lair:2        Slime (5/5) Lair:5
    Orc (2/2) D:12            Elf (3/3) Orc:2        Vaults (5/5) D:13
  Crypt (3/3) Vaults:3       Tomb (3/3) Crypt:3      Depths (5/5) D:15
    Zot (4/5) Depths:5

Altars:
Ashenzari
Cheibriados
Dithmenos
Elyvilon
Fedhas
Gozag
Hepliaklqana
Kikubaaqudgha
Makhleb
Nemelex Xobeh
Okawaru
Qazlal
Ru
Sif Muna
Trog
Uskayaw
Vehumet
Wu Jian
Xom
Yredelemnul
Zin
The Shining One
Beogh
Jiyva
Lugonu

Shops:
D:8 :   D:11 %   Orc:1 (   Orc:2 [(=*   Elf:1 [   Snake:1 [   Snake:3 *
Vaults:1 ?   Vaults:3 ?   Depths:1 :?   Depths:3 ((*[

Portals:
Hell: Depths:1 Depths:2 Depths:3 Depths:4 Depths:5
Abyss: Depths:2 Depths:4
Pandemonium: Depths:3
Ziggurat: Depths:3
Trove: Elf:3 (give +7 demon blade)


Innate Abilities, Weirdness & Mutations

You have a pair of large horns on your head.
(You are completely covered in icy blue scales. (AC +4, rC+))
Your flesh is cold resistant. (rC+)
A meltable icy envelope protects you from harm. (AC +10)
You are extremely robust. (+30% HP)
When hurt, damage is shared between your health and your magic reserves.
You regenerate magic rapidly.
When low on magic, you restore magic in place of health.
You are immune to freezing clouds.
You can translocate small distances at will.
You are somewhat resistant to further mutation.
Your system is resistant to poisons. (rPois)
You do not regenerate when monsters are visible.
Your spells are a little harder to cast, but a little more powerful.


Message History

Confirm with . or Enter, or press ? or * to list all spells.
Aiming: Lehudib's Crystal Spear
Press: ? - help, Shift-Dir - straight line, f - bennu
Aim: a bennu The crystal spear hits the bennu.
The bennu is almost dead.
You block the bennu's attack.
GONNNNG!
The bennu misses you. You block the bennu's attack.
SHROANNG!
The ancient champion hits you with a great sword!
* * * LOW HITPOINT WARNING * * *
The bennu jubilantly flits about.
You block the bennu's attack.
SHROANNG!
The bennu closely misses you. The bennu claws you!
* * * LOW HITPOINT WARNING * * *
The ancient champion points at you and mumbles some strange words.
The iron shot hits you!
You die...

#...^#..........###
#....#......####...
#....#.............
#....#.............
#..^.#......[......
####'##############
#...^'......#.....<
#.b.^#......#......
#.8z.#......'......
#....#......#......
#....#......#......
###################


You could see a bennu and an ancient champion.

Vanquished Creatures
  the Royal Jelly (Slime:5)
  Khufu (Crypt:3)
  The ghost of Exporg the Minotaur Barricade, a legendary MiFi of Okawaru (Zot:2)
  3 orbs of fire
  Mennas (Vaults:4)
  An ancient lich (Depths:2)
  Mara (Snake:3)
  A juggernaut (Depths:3)
  21 greater mummies
  Frederick (Tomb:2)
  Margery (Crypt:2)
  Boris (thrice) (Vaults:2 Crypt:2 Tomb:2)
  Bai Suzhen (Vaults:3)
  A curse toe (Zot:1)
  Xtahua (Vaults:4)
  Vashnia (Snake:4)
  3 caustic shrikes (Depths:4)
  Saint Roka (Crypt:1)
  A profane servitor (Crypt:3)
  2 bone dragons
  7 golden dragons
  Nikola (Swamp:3)
  Jorgrun (Crypt:2)
  20 tentacled monstrosities
  8 liches
  2 electric golems (Zot:3)
  3 deep elf master archers
  8 titans
  4 quicksilver dragons
  2 deep elf blademasters
  Asterion (Elf:2)
  21 acid blobs
  6 death cobs
  15 sphinxes
  15 storm dragons
  5 ancient champions
  12 shadow dragons
  Kirke (Snake:3)
  6 revenants
  A shadow dragon (shapeshifter) (Depths:1)
  Roxanne (Elf:2)
  7 tengu reavers
  16 azure jellies
  12 nagarajas
  Donald (Crypt:2)
  2 draconian knights
  9 draconian monks
  24 fire giants
  8 draconian scorchers
  A ghost moth (Zot:4)
  13 frost giants
  12 deep elf sorcerers
  A draconian shifter (Zot:4)
  5 iron dragons
  Louise (Elf:2)
  2 balrugs (Zot:4)
  8 deep elf elementalists
  An orc warlord (Orc:2)
  25 vault wardens
  7 draconian stormcallers
  8 ghouls
  2 reapers
  2 spriggan defenders
  A curse skull (Crypt:1)
  5 draconian annihilators
  19 very ugly things
  6 war gargoyles
  A caustic shrike skeleton (Depths:2)
  16 stone giants
  11 bennus
  20 deep elf annihilators
  Azrael (Orc:2)
  17 ironheart preservers
  12 vampire knights
  9 black draconians
  Nessos (Lair:6)
  7 green draconians
  8 red draconians
  The ghost of Totori the Archer, a journeyman TeAE of Elyvilon (Lair:3)
  7 deep elf demonologists
  8 purple draconians
  15 white draconians
  A spark wasp (shapeshifter) (D:15)
  6 spark wasps
  10 yellow draconians
  14 deep elf death magi
  2 eidola (Crypt:2)
  13 ettins
  2 crystal guardians
  10 death oozes
  20 mummy priests
  The ghost of Verendum the Stickfighter, a journeyman MiGl of Elyvilon (Lair:2)
  14 deep elf high priests
  21 jiangshi
  15 yaktaur captains
  17 fire dragons
  38 vault guards
  2 quicksilver dragon zombies
  4 rakshasas
  19 great orbs of eyes
  16 ice dragons
  24 naga warriors
  21 hydras
  3 ghost crabs
  4 spriggan air magi
  9 death knights
  10 anacondas
  21 centaur warriors
  70 two-headed ogres
  4 catoblepae
  4 alligators
  3 tengu warriors
  17 deep troll earth magi
  8 deep troll shamans
  21 ogre magi
  A queen ant (shapeshifter) (Vaults:5)
  24 dancing weapons
  15 death yaks
  A titan zombie (Tomb:1)
  17 death scarabs
  6 vampire magi
  Urug (D:15)
  5 small abominations
  14 naga sharpshooters
  6 spriggan berserkers
  A storm dragon zombie (Vaults:5)
  2 orc high priests (Orc:2)
  10 shock serpents
  26 deep elf knights
  A soul eater (Crypt:1)
  A fire crab (shapeshifter) (Vaults:1)
  4 iron trolls
  6 shadow wraiths
  25 deep trolls
  9 hell knights
  3 salamander mystics
  30 skeletal warriors
  A spark wasp zombie (Depths:2)
  9 naga ritualists
  A golden dragon zombie (Crypt:2)
  9 flayed ghosts
  A death drake (shapeshifter) (Depths:2)
  A spriggan druid (Swamp:3)
  2 spectral hydras (Swamp:4)
  2 unseen horrors
  6 glowing orange brains
  4 shambling mangroves
  10 ironbrand convokers
  6 wizards
  2 anaconda zombies
  17 deep elf archers
  A shadow dragon zombie (Depths:1)
  Pikel (D:5)
  A swamp dragon (Swamp:1)
  5 harpies
  15 necromancers
  A harpy (shapeshifter) (Depths:1)
  A sphinx zombie (Depths:1)
  4 orc sorcerers
  13 orc knights
  17 phantasmal warriors
  An orb spider (shapeshifter) (Vaults:3)
  2 shadow dragon skeletons
  86 deep elf magi
  9 mana vipers
  52 ugly things
  A sphinx skeleton (Crypt:2)
  A wolf spider (shapeshifter) (Vaults:3)
  2 iron dragon zombies (Crypt:2)
  11 salamanders
  A frost giant zombie (Crypt:1)
  A salamander (shapeshifter) (Depths:3)
  6 cyclopes
  4 shining eyes
  A stone giant zombie (Depths:1)
  18 moths of wrath
  An oklob plant (Lair:6)
  4 wolf spiders
  A shining eye (shapeshifter) (Depths:2)
  2 manticores
  9 elephants
  A manticore (shapeshifter) (Depths:5)
  A torpor snail (shapeshifter) (Depths:3)
  A shock serpent zombie (Crypt:3)
  12 guardian serpents
  3 fire giant skeletons
  A stone giant skeleton (Tomb:2)
  An eye of devastation (shapeshifter) (Vaults:2)
  23 vault sentinels
  24 naga magi
  2 titan simulacra (Crypt:2)
  43 black mambas
  8 eyes of devastation
  3 gargoyles
  A death yak zombie (Crypt:1)
  A storm dragon simulacrum (Depths:1)
  A hellion (Depths:5)
  16 spiny frogs
  3 centaur skeletons
  A yaktaur zombie (Vaults:4)
  2 rime drakes
  10 komodo dragons
  65 yaktaurs
  A redback zombie (Crypt:1)
  3 swamp worm zombies (Swamp:4)
  15 freezing wraiths
  An anaconda simulacrum (Crypt:3)
  A kobold demonologist (D:15)
  5 hellwings (Depths:5)
  3 tengu conjurers
  38 guardian mummies
  2 hydra zombies (Swamp:4)
  A merfolk (shapeshifter) (Vaults:5)
  A troll (shapeshifter) (Vaults:4)
  3 red devils (Depths:5)
  4 trolls
  A polar bear (Lair:5)
  A wolf spider simulacrum (D:15)
  A death drake skeleton (Crypt:2)
  3 tyrant leeches
  18 bog bodies
  2 spectral swamp dragons (Swamp:4)
  23 hornets
  A blink frog (shapeshifter) (Vaults:5)
  Grinder (D:4)
  132 slime creatures
  A stone giant simulacrum (Vaults:5)
  16 blink frogs
  5 alligator zombies (Swamp:4)
  A fire dragon zombie (Depths:1)
  An ettin zombie (Vaults:4)
  A hippogriff (shapeshifter) (Depths:3)
  A harpy skeleton (D:14)
  7 hippogriffs
  5 dream sheep (Lair:6)
  58 flying skulls
  A spriggan zombie (Depths:1)
  A redback (shapeshifter) (Depths:2)
  7 shadows
  13 spriggans
  A tarantella (shapeshifter) (Vaults:4)
  11 water elementals
  An ettin skeleton (Crypt:1)
  9 wraiths
  3 air elementals
  A wyvern (shapeshifter) (Depths:2)
  A satyr skeleton (Crypt:2)
  2 vampires (Crypt:2)
  2 fire elementals (Orc:2)
  8 wyverns
  A human (shapeshifter) (Depths:3)
  5 golden eyes
  A basilisk (shapeshifter) (Depths:3)
  4 basilisks
  11 ushabtiu
  20 yaks
  A tyrant leech zombie (Crypt:1)
  3 hogs (Snake:3)
  3 hungry ghosts
  2 human simulacra
  27 vampire mosquitoes
  A spectral spiny frog (Crypt:3)
  A soldier ant (D:12)
  6 wargs
  56 nagas
  22 swamp worms
  20 insubstantial wisps
  A two-headed ogre zombie (D:12)
  7 hell hounds
  2 acid dragons
  18 water moccasins
  An acid dragon (shapeshifter) (Depths:5)
  A soldier ant (shapeshifter) (Vaults:1)
  4 porcupines
  A water moccasin (shapeshifter) (Vaults:4)
  A floating eye (shapeshifter) (Vaults:5)
  A deep troll skeleton (Crypt:1)
  A faun skeleton (Crypt:2)
  41 orc warriors
  6 swamp drakes
  2 black bears
  4 sky beasts
  11 eyes of draining
  An ice beast (D:10)
  5 swamp dragon zombies (Swamp:4)
  A fire dragon simulacrum (Crypt:1)
  3 black bears (shapeshifter)
  2 ettin simulacra
  A spriggan simulacrum (Depths:1)
  9 necrophages
  47 ogres
  8 phantoms
  18 wolves
  18 boggarts
  A manticore zombie (Crypt:1)
  23 centaurs
  13 crocodiles
  A big kobold (shapeshifter) (Depths:2)
  7 big kobolds
  An octopode zombie (Crypt:2)
  2 earth elementals (Elf:3)
  A wyvern zombie (Crypt:1)
  18 bullfrogs
  An elf zombie (Crypt:2)
  2 wyvern skeletons
  A water moccasin zombie (D:11)
  5 scorpions
  3 troll zombies
  A water moccasin skeleton (D:9)
  12 killer bees
  A shapeshifter zombie (Crypt:2)
  8 wights
  A yak skeleton (Crypt:1)
  2 electric eels
  2 howler monkeys
  14 crimson imps
  2 centaur zombies
  A bullfrog zombie (D:7)
  An elf simulacrum (Crypt:2)
  11 jellies
  24 orc priests
  9 hounds
  27 orc wizards
  2 bullfrog skeletons
  A human skeleton (Crypt:2)
  Terence (D:3)
  5 iguanas
  A spectral swamp drake (Swamp:4)
  2 hell rats (D:8)
  12 worker ants
  5 ogre zombies
  A crocodile zombie (Crypt:1)
  A big kobold skeleton (Crypt:1)
  A hound zombie (D:10)
  A tengu skeleton (Tomb:1)
  2 hound skeletons (D:4)
  36 mummies
  3 swamp drake zombies (Swamp:4)
  14 adders
  2 river rats (D:8)
  3 shadow imps
  A worm (D:2)
  5 dart slugs
  3 leopard geckos
  113 orcs
  13 bats
  7 giant cockroaches
  6 goblins
  6 hobgoblins
  17 jackals
  9 quokkas
  2 ball pythons (D:4)
  4 frilled lizards
  A giant cockroach zombie (Crypt:2)
  4 goblin zombies (D:12)
  3 hobgoblin skeletons
  3 hobgoblin zombies (D:12)
  A jackal zombie (D:7)
  33 kobolds
  A leopard gecko skeleton (D:4)
  2 leopard gecko zombies (D:6)
  3 orc skeletons
  14 orc zombies (D:12)
  A quokka skeleton (D:5)
  7 rats
  A butterfly (Lair:6)
  7 fire vortices
  4 fungi
  3 plants
3116 creatures vanquished.

Vanquished Creatures (collateral kills)
  A green draconian (Zot:4)
  A yellow draconian (Zot:3)
  A fire dragon (Depths:2)
  A dancing weapon (Elf:3)
  3 slime creatures (Slime:5)
  An ettin zombie (Tomb:3)
  A mummy (Tomb:3)
9 creatures vanquished.

Vanquished Creatures (others)
  9 death scarabs (Tomb:2)
  A storm dragon skeleton (Tomb:2)
  An ettin skeleton (Tomb:2)
  4 flying skulls
  3 centaurs (Depths:3)
  2 mummies (Tomb:2)
  89 fire vortices
  26 fungi
  36 plants
171 creatures vanquished.

Grand Total: 3296 creatures vanquished

Notes
Turn   | Place    | Note
-------+----------+-------------------------------------------
     0 | D:1      | lyrx the Demonspawn Conjurer began the quest for the Orb.
     0 | D:1      | Reached XP level 1. HP: 13/13 MP: 3/3
   307 | D:1      | Gained mutation: Your flesh is cold resistant. (rC+) [demonic ancestry]
   307 | D:1      | Reached XP level 2. HP: 15/19 MP: 0/5
   448 | D:1      | Learned a level 2 spell: Searing Ray
   858 | D:1      | Gained mutation: You have a pair of small horns on your head. [demonic ancestry]
   858 | D:1      | Reached XP level 3. HP: 24/24 MP: 4/6
  1510 | D:2      | Reached skill level 5 in Conjurations
  1911 | D:2      | Found a deep blue altar of Sif Muna.
  1954 | D:2      | Found a sacrificial altar of Ru.
  2066 | D:2      | Reached XP level 4. HP: 28/30 MP: 0/7
  2201 | D:2      | Learned a level 4 spell: Iskenderun's Mystic Blast
  2572 | D:3      | Noticed Terence
  3136 | D:3      | Found a shimmering altar of Xom.
  3806 | D:3      | Killed Terence
  3806 | D:3      | Gained mutation: You are partially covered in icy blue scales. (AC +2) [demonic ancestry]
  3806 | D:3      | Reached XP level 5. HP: 23/35 MP: 5/8
  4234 | D:4      | Noticed Grinder
  5034 | D:4      | Gained mutation: When hurt, damage is shared between your health and your magic reserves. [demonic ancestry]
  5034 | D:4      | Reached XP level 6. HP: 41/41 MP: 1/9
  5444 | D:5      | Entered Level 5 of the Dungeon
  5453 | D:5      | Reached skill level 1 in Shields
  5981 | D:5      | Reached XP level 7. HP: 41/46 MP: 3/10
  7011 | D:5      | Gained mutation: You regenerate magic rapidly. [demonic ancestry]
  7011 | D:5      | Reached XP level 8. HP: 49/52 MP: 3/11
  7107 | D:5      | Found a staircase to the Ecumenical Temple.
  7115 | Temple   | Entered the Ecumenical Temple
  7561 | Temple   | Became a worshipper of Vehumet
  7848 | D:5      | Noticed Pikel
  7882 | D:5      | Killed Pikel
  7882 | D:5      | Reached skill level 10 in Conjurations
  8512 | D:6      | Found an opulent altar of Gozag.
  8698 | D:6      | Reached skill level 5 in Shields
  8852 | D:6      | Found a snail-covered altar of Cheibriados.
  9120 | D:6      | Found a glowing golden altar of the Shining One.
  9125 | D:6      | Found a bloodstained altar of Trog.
  9633 | D:7      | Reached XP level 9. HP: 57/57 MP: 8/12
 10278 | D:4      | Killed Grinder
 10910 | D:8      | Reached * piety under Vehumet
 10910 | D:8      | Offered knowledge of Shock by Vehumet.
 11012 | D:8      | Found Gemicor's Book Shop.
 11052 | D:8      | Noticed a death yak
 11052 | D:8      | Noticed a death yak
 11186 | D:8      | Killed a death yak
 11409 | D:8      | Noticed a death yak
 11958 | D:7      | Killed a death yak
 11958 | D:7      | Reached skill level 5 in Spellcasting
 11958 | D:7      | Gained mutation: You have a pair of horns on your head. [demonic ancestry]
 11958 | D:7      | Reached XP level 10. HP: 38/63 MP: 7/17
 12150 | D:8      | Killed a death yak
 12243 | D:8      | Found a staircase to the Lair.
 12771 | D:9      | Found a shattered altar of Ashenzari.
 12946 | D:9      | Offered knowledge of Throw Flame by Vehumet.
 13230 | D:10     | Entered Level 10 of the Dungeon
 13346 | D:10     | Reached ** piety under Vehumet
 13870 | D:10     | Noticed a two-headed ogre
 13896 | D:10     | Killed a two-headed ogre
 14423 | Lair:1   | Entered Level 1 of the Lair of Beasts
 14526 | Lair:1   | Reached XP level 11. HP: 37/68 MP: 7/21
 15805 | Lair:1   | Reached skill level 15 in Conjurations
 16157 | Lair:2   | Noticed Verendum's ghost (journeyman MiGl)
 16738 | Lair:2   | Offered knowledge of Throw Frost by Vehumet.
 17129 | Lair:2   | Reached *** piety under Vehumet
 17459 | Lair:2   | Found a staircase to the Snake Pit.
 17509 | Lair:2   | Offered knowledge of Sticky Flame by Vehumet.
 17515 | Lair:2   | Learned a level 4 spell: Sticky Flame
 17542 | Lair:2   | Reached skill level 5 in Dodging
 17542 | Lair:2   | Reached XP level 12. HP: 65/74 MP: 16/24
 18414 | Lair:2   | Killed Verendum's ghost
 18513 | Lair:3   | Noticed Totori's ghost (journeyman TeAE)
 19505 | Lair:3   | Noticed a death yak
 19518 | Lair:3   | Noticed a death yak
 19524 | Lair:2   | Killed a death yak
 19891 | D:11     | Noticed a two-headed ogre
 19905 | D:11     | Killed a two-headed ogre
 20176 | D:11     | Reached **** piety under Vehumet
 20345 | D:11     | Paralysed by a kobold for 5 turns
 20353 | D:11     | Paralysed by a kobold for 4 turns
 20407 | D:11     | Noticed a two-headed ogre
 20421 | D:11     | Killed a two-headed ogre
 20467 | D:11     | Found Nurr's Food Shoppe.
 20932 | D:11     | Offered knowledge of Lee's Rapid Deconstruction by Vehumet.
 21650 | D:12     | Noticed a two-headed ogre
 21653 | D:12     | Noticed a four-headed hydra
 21675 | D:12     | Killed a two-headed ogre
 21900 | D:12     | Killed a four-headed hydra
 22120 | D:12     | Learned a level 5 spell: Lee's Rapid Deconstruction
 22196 | D:12     | Noticed a two-headed ogre
 22203 | D:12     | Killed a two-headed ogre
 22203 | D:12     | Reached XP level 13. HP: 79/79 MP: 16/26
 22542 | D:12     | Reached ***** piety under Vehumet
 22575 | D:12     | Offered knowledge of Ozocubu's Refrigeration by Vehumet.
 22590 | D:12     | Learned a level 6 spell: Ozocubu's Refrigeration
 22708 | D:12     | Found a staircase to the Orcish Mines.
 22929 | D:12     | Reached skill level 10 in Spellcasting
 23092 | Orc:1    | Entered Level 1 of the Orcish Mines
 23758 | Orc:2    | Entered Level 2 of the Orcish Mines
 23803 | Orc:2    | Noticed Azrael
 23866 | Orc:2    | Offered knowledge of Airstrike by Vehumet.
 24120 | Orc:2    | Killed Azrael
 24162 | Orc:2    | Found a roughly hewn altar of Beogh.
 24271 | Orc:2    | Found Ceoqus's Assorted Antiques.
 24476 | Orc:2    | Found a flickering gateway to a bazaar.
 24493 | Orc:2    | Found a staircase to the Elven Halls.
 24497 | Bazaar   | Entered a bazaar
 24497 | Bazaar   | Found Dyumoyng's Jewellery Boutique.
 24519 | Bazaar   | Found Koh Zize's Antique Weapon Boutique.
 24524 | Bazaar   | Found Plog's Antique Armour Shoppe.
 24530 | Bazaar   | Found Qogaschofiu's Assorted Antiques.
 24536 | Bazaar   | Found Funapopi's Distillery.
 24557 | Bazaar   | Bought a fine robe for 205 gold pieces
 24609 | Bazaar   | Bought a pair of glowing gloves for 270 gold pieces
 24615 | Bazaar   | Bought a scroll labeled ISHU ECAWK for 26 gold pieces
 24615 | Bazaar   | Bought a dented cameo amulet for 130 gold pieces
 24615 | Bazaar   | Bought a murky white potion for 23 gold pieces
 24621 | Bazaar   | Bought a potion of heal wounds for 40 gold pieces
 24621 | Bazaar   | Bought a potion of magic for 64 gold pieces
 24621 | Bazaar   | Bought a potion of magic for 64 gold pieces
 24650 | Bazaar   | Identified the cursed +0 robe "Aneapal" {rC+++ Int-2 Dex-3 SInv} (You bought it in a shop in a bazaar)
 24659 | Bazaar   | Bought a bone short sword for 168 gold pieces
 24660 | Bazaar   | Identified the +5 short sword "Coohyu Cuti" {freeze, rN++ Int-5} (You bought it in a shop in a bazaar)
 24860 | Orc:2    | Found a roughly hewn altar of Beogh.
 24956 | Orc:2    | Found a roughly hewn altar of Beogh.
 25036 | Orc:2    | Found Ephihin's Jewellery Boutique.
 25067 | Orc:2    | Found a roughly hewn altar of Beogh.
 25189 | Orc:2    | Found a roughly hewn altar of Beogh.
 25260 | Orc:2    | Reached skill level 10 in Dodging
 25307 | Orc:2    | Found a roughly hewn altar of Beogh.
 25576 | Orc:2    | Offered knowledge of Bolt of Draining by Vehumet.
 25579 | Orc:2    | Noticed an orc warlord
 25618 | Orc:1    | Learned a level 5 spell: Bolt of Draining
 25766 | Orc:1    | Found Kepa Bio's Antique Weapon Emporium.
 26007 | Orc:2    | Found a roughly hewn altar of Beogh.
 26007 | Orc:2    | Found Qutusena's Antique Weapon Boutique.
 26010 | Orc:2    | Found Pugg's Antique Armour Shop.
 26302 | Orc:2    | Killed an orc warlord
 27252 | Lair:3   | Killed Totori's ghost
 27647 | Lair:3   | Found a staircase to the Swamp.
 28359 | Lair:4   | Reached XP level 14. HP: 85/85 MP: 21/28
 28723 | Lair:5   | Learned a level 4 spell: Throw Icicle
 28895 | Lair:5   | Found a runed door.
 28895 | Lair:5   | Found a viscous altar of Jiyva.
 28898 | Lair:5   | Found a staircase to the Slime Pits.
 28978 | Lair:5   | Reached skill level 1 in Ice Magic
 29369 | Lair:6   | Entered Level 6 of the Lair of Beasts
 29424 | Lair:6   | Noticed Nessos
 30195 | D:13     | Reached ****** piety under Vehumet
 30497 | Orc:2    | Bought the ring of Hulogua {rElec rPois rC+ MR++ Dex+5} for 1047 gold pieces
 30984 | D:13     | Found a gate to the Vaults.
 31519 | D:14     | Offered knowledge of Venom Bolt by Vehumet.
 31555 | D:14     | Reached skill level 5 in Ice Magic
 31645 | D:14     | Reached skill level 1 in Necromancy
 32068 | D:14     | Got a twisted chain mail
 32072 | D:14     | Identified the +9 chain mail of the Clam {rPois Int+4 Dex+4} (You found it on level 14 of the Dungeon)
 32363 | D:15     | Entered Level 15 of the Dungeon
 32831 | D:15     | Noticed Urug
 32871 | D:15     | Killed Urug
 33120 | D:15     | Gained mutation: You have a pair of large horns on your head. [demonic ancestry]
 33120 | D:15     | Reached XP level 15. HP: 48/90 MP: 11/30
 33537 | D:15     | Noticed a fire giant
 33558 | D:15     | Killed a fire giant
 33558 | D:15     | Reached skill level 5 in Necromancy
 33797 | D:15     | Found a staircase to the Depths.
 34058 | D:15     | Learned a level 5 spell: Venom Bolt
 34219 | Orc:2    | Bought a pair of runed boots for 232 gold pieces
 34436 | Snake:1  | Entered Level 1 of the Snake Pit
 34748 | Snake:1  | Offered knowledge of Orb of Destruction by Vehumet.
 35091 | Snake:1  | Found Ufrogul's Armour Emporium.
 36392 | Snake:2  | Noticed a nagaraja
 36395 | Snake:2  | Killed a nagaraja
 36970 | Orc:2    | Bought a scroll of amnesia for 98 gold pieces
 37130 | Lair:1   | Learned a level 7 spell: Orb of Destruction
 37262 | Lair:6   | Killed Nessos
 37738 | Lair:6   | Offered knowledge of Poison Arrow by Vehumet.
 37924 | Lair:6   | Reached XP level 16. HP: 78/96 MP: 12/31
 39732 | Snake:3  | Offered knowledge of Conjure Ball Lightning by Vehumet.
 39960 | Snake:3  | Noticed Kirke
 40166 | Snake:3  | Killed Kirke
 40555 | Snake:3  | Found Awikh's Assorted Antiques.
 41107 | Snake:4  | Entered Level 4 of the Snake Pit
 41702 | Snake:4  | Noticed Mara
 41719 | Snake:4  | Noticed lyrx's illusion
 41833 | Snake:3  | Noticed lyrx's illusion
 41836 | Snake:3  | Killed Mara
 41836 | Snake:3  | Gained mutation: You are robust. (+10% HP) [demonic ancestry]
 41836 | Snake:3  | Reached XP level 17. HP: 96/111 MP: 21/32
 44235 | Snake:4  | Offered knowledge of Lehudib's Crystal Spear by Vehumet.
 44235 | Snake:4  | Offered knowledge of Fire Storm by Vehumet.
 44235 | Snake:4  | Offered knowledge of Glaciate by Vehumet.
 44516 | Snake:4  | Noticed Vashnia
 44548 | Snake:4  | Killed Vashnia
 45023 | Snake:4  | Gained mutation: You are mostly covered in icy blue scales. (AC +3) [demonic ancestry]
 45023 | Snake:4  | Reached XP level 18. HP: 117/117 MP: 8/34
 45130 | Snake:4  | Got a serpentine rune of Zot
 45557 | Vaults:1 | Entered Level 1 of the Vaults
 47155 | Swamp:1  | Entered Level 1 of the Swamp
 48051 | Swamp:2  | Paralysed by a hornet for 1 turns
 49232 | Elf:1    | Entered Level 1 of the Elven Halls
 49694 | Elf:1    | Identified Xemuz's Compendium of Summoning
 49721 | Elf:1    | Found a radiant altar of Vehumet.
 49783 | Elf:1    | Found Raawunirph's Antique Armour Emporium.
 49803 | Elf:1    | Bought an ancient cloak for 361 gold pieces
 49813 | Elf:1    | Identified the cursed +0 cloak "Egeagidu" {rC+ MP+9} (You bought it in a shop on level 1 of the Elven Halls)
 49937 | Elf:1    | Reached skill level 15 in Spellcasting
 50432 | Elf:2    | Noticed Asterion
 50495 | Elf:2    | Noticed Louise
 50499 | Elf:2    | Killed Louise
 50502 | Elf:2    | Gained mutation: You are immune to freezing clouds. [demonic ancestry]
 50502 | Elf:2    | Reached XP level 19. HP: 103/123 MP: 38/38
 50601 | Elf:2    | Noticed Roxanne
 50622 | Elf:2    | Killed Asterion
 50655 | Elf:2    | Killed Roxanne
 50664 | Elf:2    | Identified Roxanne's Reference Book on Transmigration (You took it off Roxanne on level 2 of the Elven Halls)
 51295 | Elf:2    | Found a huge runed gate.
 51295 | Elf:2    | Found a huge runed gate.
 51295 | Elf:2    | Found a huge runed gate.
 51295 | Elf:2    | Found a huge runed gate.
 51295 | Elf:2    | Found a huge runed gate.
 51948 | Elf:3    | Entered Level 3 of the Elven Halls
 52646 | Elf:3    | Got a crude scimitar
 54135 | Elf:3    | Reached XP level 20. HP: 129/129 MP: 41/41
 54989 | Elf:3    | Found the silken robe
 55074 | Elf:3    | Got a transparent scimitar
 55083 | Elf:3    | Got an iridescent short sword
 55093 | Elf:3    | Got a transparent mace
 55127 | Elf:3    | Got a twisted longbow
 55144 | Elf:3    | Identified the cursed +3 scimitar of Ychem {venom, Int+3} (You found it on level 3 of the Elven Halls)
 55149 | Elf:3    | Got a smoking morningstar {speed}
 55158 | Elf:3    | Identified the Papyrus of Gliding Transmutation
 55173 | Elf:3    | Identified the cursed +1 morningstar of Hiuzippi {speed, rN+ SInv} (You took it off a deep elf high priest on level 3 of the Elven Halls)
 55210 | Elf:3    | Got an ancient brass ring
 55222 | Elf:3    | Got a warped hand axe {flame}
 55227 | Elf:3    | Identified the ring of Compulsion {Fire +Fly Str+4} (You took it off a deep elf death mage on level 3 of the Elven Halls)
 55269 | Elf:3    | Identified the +2 longbow "Afe Gieck" {venom, Int+2 Dex+2} (You found it on level 3 of the Elven Halls)
 55270 | Elf:3    | Identified the +6 mace "Sinubbeu" {antimagic, rF+} (You found it on level 3 of the Elven Halls)
 55271 | Elf:3    | Identified the +6 hand axe of Tartarus {flame, +Fly rF- rN+++ Stlth+} (You took it off a deep elf mage on level 3 of the Elven Halls)
 55272 | Elf:3    | Identified the +6 short sword "Aru Hiebia" {venom, Fragile rF+ Int+3 SInv} (You found it on level 3 of the Elven Halls)
 55408 | Elf:3    | Got a silken robe
 55419 | Elf:3    | Identified the cursed -5 robe of Misfortune {-Cast *Contam *Tele *Drain EV-5 Stlth-- *Curse} (You found it on level 3 of the Elven Halls)
 55460 | Elf:3    | Gained mutation: Your body sometimes deteriorates upon taking damage. [mutagenic glow]
 56274 | Elf:3    | Found a portal to a secret trove of treasure.
 56605 | Elf:3    | Got an uncursed dazzling short sword {drain}
 56606 | Elf:3    | Identified the +11 short sword of Harmony {drain, Str+2 Dex+2 Stlth+} (You took it off a deep elf high priest on level 3 of the Elven Halls)
 56995 | Lair:1   | Learned a level 5 spell: Irradiate
 56998 | Lair:1   | Learned a level 2 spell: Blink
 57001 | Lair:1   | Learned a level 2 spell: Swiftness
 57150 | Orc:2    | Bought the ring of Veosiug {Ice rN+ MP+9 Str+9 Slay-2} for 918 gold pieces
 57277 | Depths:1 | Entered Level 1 of the Depths
 58699 | Depths:1 | Found Gogug's Book Boutique.
 58704 | Depths:1 | Found Caxuq's Magic Scroll Boutique.
 58711 | Depths:1 | Bought a scroll of blinking for 135 gold pieces
 59097 | Depths:1 | Found a gateway to Hell.
 60018 | Depths:2 | Found a one-way gate to the infinite horrors of the Abyss.
 60099 | Depths:2 | Reached skill level 1 in Earth Magic
 60254 | Depths:2 | Gained mutation: You are very robust. (+20% HP) [demonic ancestry]
 60254 | Depths:2 | Reached XP level 21. HP: 126/144 MP: 44/44
 60472 | Depths:2 | Learned a level 8 spell: Lehudib's Crystal Spear
 60534 | Depths:2 | Got a faintly glowing rapier {freeze}
 60547 | Depths:2 | Noticed an ancient lich
 60581 | Depths:2 | Killed an ancient lich
 60801 | Depths:2 | Got a jewelled short sword
 60808 | Depths:2 | Got a blackened dagger
 60925 | Depths:2 | Gained mutation: You are weak. (Str -2) [a shining eye]
 60946 | Depths:2 | Reached skill level 5 in Earth Magic
 62527 | Depths:3 | Found Nopeotee's Weapon Shoppe.
 62867 | Depths:3 | Found Pixzy's Antique Weapon Emporium.
 62930 | Depths:3 | Found a one-way gate leading to the halls of Pandemonium.
 63008 | Depths:3 | Found a gateway to a ziggurat.
 63227 | Depths:3 | Found Igusuaf's Antique Armour Shoppe.
 63491 | Depths:3 | Bought a pair of crude gloves for 418 gold pieces
 63491 | Depths:3 | Identified the +2 pair of gloves of the Pure Mice {Str+2 Dex+6} (You bought it in a shop on level 3 of the Depths)
 63521 | Depths:3 | Found Qathean's General Store.
 63584 | Depths:3 | Identified the +7 rapier "Goekkoa" {freeze, Int+3} (You took it off a necromancer on level 2 of the Depths)
 63585 | Depths:3 | Identified the +9 short sword "Cuxal" {pierce, *Slow rPois rF+ Int+6} (You found it on level 2 of the Depths)
 63586 | Depths:3 | Identified the +7 dagger of the Original Sin {flame, rElec rF+ rC+ MR+} (You found it on level 2 of the Depths)
 63857 | Depths:3 | Gained mutation: You are completely covered in icy blue scales. (AC +4, rC+) [demonic ancestry]
 63857 | Depths:3 | Reached XP level 22. HP: 146/154 MP: 26/45
 63936 | Depths:3 | Noticed a golden dragon
 63969 | Depths:3 | Killed a golden dragon
 64056 | Depths:3 | Noticed a juggernaut
 64118 | Depths:3 | Killed a juggernaut
 64209 | Depths:3 | Got a translucent halberd
 64212 | Depths:3 | Identified the cursed +2 halberd "Icvoffug" {flame, +Fly Str+6} (You found it on level 3 of the Depths)
 64901 | Depths:3 | Reached skill level 27 in Conjurations
 65056 | Depths:3 | Bought a bloodstained leather armour for 308 gold pieces
 65064 | Depths:3 | Identified the cursed +1 leather armour of Pandemonium {rF+ rC- Dex+2} (You bought it in a shop on level 3 of the Depths)
 65363 | Depths:4 | Noticed a caustic shrike
 65367 | Depths:4 | Noticed a caustic shrike
 65369 | Depths:4 | Killed a caustic shrike
 65373 | Depths:4 | Killed a caustic shrike
 65687 | Depths:4 | Noticed a golden dragon
 65691 | Depths:4 | Killed a golden dragon
 65718 | Depths:4 | Noticed a caustic shrike
 65748 | Depths:4 | Killed a caustic shrike
 66229 | Depths:4 | Noticed a golden dragon
 66279 | Depths:4 | Killed a golden dragon
 66801 | Depths:4 | Found a corrupted altar of Lugonu.
 67068 | Depths:4 | Identified the +1 robe "Deafurch" {Dex+6} (You took it off a centaur warrior on level 4 of the Depths)
 67714 | Depths:4 | Gained mutation: You are extremely robust. (+30% HP) [demonic ancestry]
 67714 | Depths:4 | Reached XP level 23. HP: 154/174 MP: 47/47
 68191 | Lair:1   | Learned a level 6 spell: Statue Form
 68267 | Snake:1  | Bought a +0 pair of boots of running for 409 gold pieces
 68503 | Orc:2    | Bought a hardcover book for 420 gold pieces
 68503 | Orc:2    | Bought a dented platinum amulet for 140 gold pieces
 68503 | Orc:2    | Bought an amulet of reflection for 56 gold pieces
 68667 | Vaults:1 | Reached skill level 1 in Transmutations
 69011 | Vaults:1 | Found Paholo's Magic Scroll Emporium.
 69021 | Vaults:1 | Bought 2 scrolls of blinking for 240 gold pieces
 69476 | Vaults:1 | Reached skill level 5 in Transmutations
 71690 | Vaults:3 | Noticed Bai Suzhen
 71694 | Vaults:3 | Killed Bai Suzhen
 72437 | Vaults:3 | Found a staircase to the Crypt.
 72702 | Vaults:3 | Found Yduosut's Magic Scroll Emporium.
 72716 | Vaults:3 | Bought a scroll of amnesia for 38 gold pieces
 72755 | Vaults:3 | Noticed Boris
 72774 | Vaults:2 | Killed Boris
 72774 | Vaults:2 | Reached XP level 24. HP: 119/182 MP: 28/47
 73705 | Vaults:4 | Reached skill level 10 in Earth Magic
 73709 | Vaults:4 | Noticed Xtahua
 73721 | Vaults:4 | Killed Xtahua
 73784 | Vaults:4 | Reached skill level 15 in Dodging
 75645 | Vaults:5 | Entered Level 5 of the Vaults
 75791 | Vaults:5 | Gained mutation: You occasionally shout uncontrollably at your foes. [mutagenic glow]
 75806 | Vaults:4 | Gained mutation: You do not regenerate when monsters are visible. [mutagenic glow]
 76073 | Vaults:5 | Reached XP level 25. HP: 188/188 MP: 49/49
 76075 | Vaults:4 | Gained mutation: You are clumsy. (Dex -2) [mutagenic glow]
 76258 | Vaults:4 | Gained mutation: You can translocate small distances at will. [mutagenic glow]
 77066 | Vaults:5 | Noticed Mennas
 77355 | Vaults:4 | Killed Mennas
 77838 | Vaults:5 | Identified the Tome of Enhancements and the Frostbite
 77883 | Vaults:5 | Got a fine steel ring
 77884 | Vaults:5 | Identified the cursed ring "Mawulomu" {rN+ Dex-5} (You found it on level 5 of the Vaults)
 78027 | Vaults:5 | Got an ichor-stained rapier {pierce}
 78303 | Vaults:5 | Got a black opal-encrusted chain mail
 78467 | Vaults:5 | Got a silver rune of Zot
 78536 | Vaults:5 | Identified the Reference Book on the Volcanoes and Clay
 78543 | Vaults:5 | Learned a level 5 spell: Fireball
 78673 | Vaults:5 | Identified the +8 rapier of Quick Death {pierce, rC+ Stlth+} (You took it off a deep elf high priest on level 5 of the Vaults)
 78675 | Vaults:5 | Identified the cursed +1 chain mail "Kyerew" {Dex+2} (You took it off a deep elf high priest on level 5 of the Vaults)
 78883 | Vaults:5 | Identified the +10 plate armour of the Stallion {rPois Str+4} (You took it off a vault warden on level 5 of the Vaults)
 79942 | Lair:1   | Lost mutation: Your body sometimes deteriorates upon taking damage. [potion of mutation]
 79942 | Lair:1   | Lost mutation: You are clumsy. (Dex -2) [potion of mutation]
 79942 | Lair:1   | Lost mutation: You are weak. (Str -2) [potion of mutation]
 79942 | Lair:1   | Gained mutation: Your system is resistant to poisons. (rPois) [potion of mutation]
 79942 | Lair:1   | Gained mutation: You have supernaturally acute eyesight. (SInv) [potion of mutation]
 79989 | D:8      | Bought a manual of Fire Magic for 1545 gold pieces
 80110 | Swamp:2  | Reached skill level 1 in Fire Magic
 80744 | Swamp:3  | Noticed Nikola
 80841 | Swamp:3  | Killed Nikola
 81190 | Swamp:4  | Entered Level 4 of the Swamp
 81672 | Swamp:4  | Reached skill level 5 in Fire Magic
 82146 | Swamp:4  | Gained mutation: When low on magic, you restore magic in place of health. [demonic ancestry]
 82146 | Swamp:4  | Reached XP level 26. HP: 139/196 MP: 5/50
 82441 | Swamp:4  | Got a decaying rune of Zot
 82909 | Lair:1   | Learned a level 9 spell: Fire Storm
 83141 | Crypt:1  | Entered Level 1 of the Crypt
 83243 | Crypt:1  | Noticed Saint Roka
 83622 | Crypt:1  | Killed Saint Roka
 84788 | Crypt:2  | Reached skill level 10 in Fire Magic
 84971 | Crypt:2  | Noticed Jorgrun
 84974 | Crypt:2  | Killed Jorgrun
 85250 | Crypt:2  | Noticed Donald
 85254 | Crypt:2  | Killed Donald
 85259 | Crypt:2  | Identified the +0 shield "Icsoucrie" {rF+ Dex+3} (You took it off Donald on level 2 of the Crypt)
 85345 | Crypt:2  | Found an ancient bone altar of Kikubaaqudgha.
 85394 | Crypt:2  | Noticed Boris
 85451 | Crypt:2  | Noticed Margery
 85568 | Crypt:2  | Killed Margery
 85702 | Crypt:2  | Killed Boris
 86071 | Crypt:3  | Entered Level 3 of the Crypt
 86698 | Crypt:3  | Found a basalt altar of Yredelemnul.
 87310 | Crypt:3  | Identified the +4 ring mail "Laehahit" {Dex+3} (You took it off a death knight on level 3 of the Crypt)
 87385 | Crypt:3  | Got a clouded turquoise ring
 87385 | Crypt:3  | Got a glittering amber ring
 87385 | Crypt:3  | Got a warped platinum ring
 87386 | Crypt:3  | Identified the Catalogue of Necromancy
 87423 | Crypt:3  | Identified the ring "Waimmoko" {rN+ MR++} (You found it on level 3 of the Crypt)
 87424 | Crypt:3  | Identified the ring "Pasearch" {rPois rN+ SInv} (You found it on level 3 of the Crypt)
 87425 | Crypt:3  | Identified the ring "Isozecuwn" {rN+ MR+} (You found it on level 3 of the Crypt)
 87468 | Crypt:3  | Gained mutation: A meltable icy envelope protects you from harm. (AC +10) [demonic ancestry]
 87468 | Crypt:3  | Reached XP level 27. HP: 178/202 MP: 52/52
 87470 | Crypt:3  | Noticed Khufu
 87475 | Crypt:3  | Killed Khufu
 87519 | Crypt:3  | Found a staircase to the Tomb.
 87539 | Crypt:3  | Got a heavily runed cloak
 87541 | Crypt:3  | Identified the cursed +0 cloak "Kypre" {+Fly Int+2} (You found it on level 3 of the Crypt)
 88335 | Depths:5 | Entered Level 5 of the Depths
 88556 | Depths:5 | Identified the +5 battleaxe "Qofy" {protect, rElec rPois} (You found it on level 5 of the Depths)
 88795 | Depths:5 | Identified a scroll of acquirement
 89134 | Depths:5 | Found a shattered altar of Ashenzari.
 89287 | Depths:5 | Found a gate to the Realm of Zot.
 89873 | Slime:1  | Entered Level 1 of the Pits of Slime
 92053 | Slime:5  | Entered Level 5 of the Pits of Slime
 92134 | Slime:5  | Noticed the Royal Jelly
 92550 | Slime:5  | Lost mutation: You have supernaturally acute eyesight. (SInv) [a shining eye]
 92637 | Slime:5  | Found a viscous altar of Jiyva.
 92639 | Slime:5  | Found the +7 Singing Sword
 92761 | Slime:4  | Gained mutation: You tend to lose your temper in combat. [mutagenic glow]
 93138 | Slime:5  | Killed the Royal Jelly
 93460 | Slime:5  | Identified the Handbook of the Manifold Coins
 93483 | Slime:5  | Got a twisted morningstar
 93514 | Slime:5  | Got a slimy rune of Zot
 93552 | Slime:5  | Got an ancient scale mail
 93585 | Slime:5  | Got a fine scale mail
 93598 | Slime:5  | Identified the +5 morningstar of Wygusu {speed, rElec} (You found it on level 5 of the Pits of Slime)
 93604 | Slime:5  | Identified the +1 scale mail "Dathev" {Dex+3} (You found it on level 5 of the Pits of Slime)
 93605 | Slime:5  | Identified the +1 scale mail of Merchess {+Blink +Inv SInv} (You found it on level 5 of the Pits of Slime)
 94461 | Tomb:1   | Entered Level 1 of the Tomb of the Ancients
 94778 | Lair:1   | Lost mutation: You tend to lose your temper in combat. [potion of mutation]
 94778 | Lair:1   | Lost mutation: You occasionally shout uncontrollably at your foes. [potion of mutation]
 94778 | Lair:1   | Gained mutation: Your spells are a little harder to cast, but a little more powerful. [potion of mutation]
 94778 | Lair:1   | Gained mutation: You possess an exceptional clarity of mind. [potion of mutation]
 95910 | Tomb:1   | Noticed a greater mummy
 95960 | Tomb:1   | Killed a greater mummy
 96532 | Tomb:1   | Noticed a greater mummy
 96551 | Tomb:1   | Killed a greater mummy
 96933 | Tomb:1   | Noticed a greater mummy
 96934 | Tomb:1   | Noticed a greater mummy
 96938 | Tomb:1   | Killed a greater mummy
 96938 | Tomb:1   | Reached skill level 10 in Shields
 96940 | Tomb:1   | Killed a greater mummy
 96943 | Tomb:1   | Noticed a greater mummy
 97049 | Tomb:1   | Killed a greater mummy
 97112 | Tomb:1   | Noticed a greater mummy
 97115 | Tomb:1   | Killed a greater mummy
 97158 | Tomb:1   | Noticed a greater mummy
 97165 | Tomb:1   | Killed a greater mummy
 97337 | Tomb:1   | Noticed a greater mummy
 97342 | Tomb:1   | Noticed a greater mummy
 97342 | Tomb:1   | Noticed a greater mummy
 97343 | Tomb:1   | Killed a greater mummy
 97344 | Tomb:1   | Killed a greater mummy
 97348 | Tomb:1   | Killed a greater mummy
 97348 | Tomb:1   | Reached skill level 27 in Spellcasting
 97558 | Tomb:1   | Noticed a greater mummy
 97561 | Tomb:1   | Killed a greater mummy
 97612 | Tomb:1   | Noticed a greater mummy
 97617 | Tomb:1   | Killed a greater mummy
 97636 | Tomb:1   | Noticed a greater mummy
 97640 | Tomb:1   | Noticed a greater mummy
 97640 | Tomb:1   | Noticed a greater mummy
 97643 | Tomb:1   | Killed a greater mummy
 97643 | Tomb:1   | Killed a greater mummy
 97644 | Tomb:1   | Killed a greater mummy
 98533 | Zot:1    | Entered Level 1 of the Realm of Zot
 99560 | Zot:2    | Noticed Exporg's ghost (legendary MiFi)
 99574 | Zot:2    | Killed Exporg's ghost
 99885 | Zot:2    | Lost mutation: You possess an exceptional clarity of mind. [an orb of fire]
 99886 | Zot:2    | Noticed an orb of fire
 99901 | Zot:2    | Killed an orb of fire
100045 | Zot:2    | Noticed an orb of fire
100049 | Zot:2    | Killed an orb of fire
102091 | Zot:4    | Reached skill level 15 in Shields
102271 | Zot:4    | Identified the cursed +1 scale mail of the Rose {+Fly rPois rC+ rN+} (You found it on level 4 of the Realm of Zot)
102755 | Zot:4    | Noticed an orb of fire
102761 | Zot:4    | Gained mutation: You are somewhat resistant to further mutation. [an orb of fire]
102762 | Zot:4    | Killed an orb of fire
103653 | Lair:1   | Learned a level 9 spell: Glaciate
103664 | Lair:1   | Learned a level 8 spell: Ignition
103839 | Snake:3  | Bought an ancient falchion for 208 gold pieces
103839 | Snake:3  | Identified the +8 falchion of Wondrous Power {slice, +Rage MR++ MP+9} (You bought it in a shop on level 3 of the Snake Pit)
104118 | Orc:1    | Bought a pitted flail for 297 gold pieces
104118 | Orc:1    | Identified the +4 flail "Tymuutie" {venom, rC+ MP+9} (You bought it in a shop on level 1 of the Orcish Mines)
105051 | Tomb:2   | Noticed Boris
105053 | Tomb:2   | Killed Boris
105055 | Tomb:2   | Noticed a greater mummy
105055 | Tomb:2   | Noticed a greater mummy
105055 | Tomb:2   | Noticed a greater mummy
105057 | Tomb:2   | Noticed Frederick
105058 | Tomb:2   | Noticed a greater mummy
105061 | Tomb:2   | Killed a greater mummy
105062 | Tomb:2   | Killed a greater mummy
105063 | Tomb:2   | Killed Frederick
105063 | Tomb:2   | Killed a greater mummy
105064 | Tomb:2   | Killed a greater mummy
105791 | Tomb:3   | Entered Level 3 of the Tomb of the Ancients
105809 | Tomb:3   | Noticed a greater mummy
105812 | Tomb:3   | Noticed a greater mummy
105812 | Tomb:3   | Killed a greater mummy
105815 | Tomb:3   | Killed a greater mummy
105816 | Tomb:3   | Noticed a greater mummy
105823 | Tomb:3   | Noticed a greater mummy
105830 | Tomb:2   | Killed from afar by an ancient champion

Skill      XL: |  1  2  3  4  5  6  7  8  9 10 11 12 13 14 15 16 17 18 19 20 21 22 23 24 25 26 27 |
---------------+----------------------------------------------------------------------------------+-----
Stealth        | 2 |  2.0
Dodging        | 2 5 8 11 12 14 15 17 22 | 22.5
Conjurations   | 5 6 7 8 9 10 12 14 15 16 17 19 22 23 24 25 26 27 | 27.0
Shields        | 1 3 5 15 | 15.0
Spellcasting   | 5 6 8 9 10 11 12 15 17 19 20 22 23 25 27 | 27.0
Ice Magic      | 5 8 |  8.4
Necromancy     | 4 5 |  5.1
Earth Magic    | 2 8 9 11 | 11.0
Transmutations | 8 |  8.0
Fire Magic     | 5 13 14 | 14.2

Action                   |  1- 3 |  4- 6 |  7- 9 | 10-12 | 13-15 | 16-18 | 19-21 | 22-24 | 25-27 || total
-------------------------+-------+-------+-------+-------+-------+-------+-------+-------+-------++-------
Melee: Club              |    28 |    26 |     2 |       |       |       |       |       |       ||    56
       Unarmed           |     8 |       |       |       |       |       |       |       |       ||     8
       Headbutt          |     1 |     3 |     2 |    24 |    56 |    28 |    12 |     9 |    53 ||   188
       Flail             |       |       |    24 |   134 |   345 |   129 |    23 |       |       ||   655
       Staff             |       |       |       |       |       |       |    22 |       |       ||    22
       Dagger            |       |       |       |       |       |       |       |    18 |    87 ||   105
       Hand axe          |       |       |       |       |       |       |       |       |    21 ||    21
       Falchion          |       |       |       |       |       |       |       |       |    28 ||    28
       Double sword      |       |       |       |       |       |       |       |       |     3 ||     3
 Fire: Shortbow          |       |       |    25 |       |       |       |       |       |       ||    25
Throw: Tomahawk          |    16 |     6 |     1 |       |       |       |       |       |       ||    23
 Cast: Magic Dart        |    87 |   109 |    83 |    79 |   121 |     8 |    12 |     1 |     1 ||   501
       Searing Ray       |     2 |    15 |    46 |    39 |    34 |       |       |       |       ||   136
       Iskenderun's Myst |       |     4 |    37 |   285 |   423 |   456 |   272 |    70 |    89 ||  1636
       Sticky Flame      |       |       |       |     2 |     3 |       |       |       |       ||     5
       Bolt of Draining  |       |       |       |       |   224 |   466 |   442 |   729 |   204 ||  2065
       Throw Icicle      |       |       |       |       |    17 |    44 |     8 |       |       ||    69
       Venom Bolt        |       |       |       |       |     3 |    14 |    11 |     1 |       ||    29
       Orb of Destructio |       |       |       |       |     2 |    30 |   156 |    14 |   448 ||   650
       Ozocubu's Refrige |       |       |       |       |       |     1 |       |     4 |     1 ||     6
       Lee's Rapid Decon |       |       |       |       |       |       |    42 |    22 |    26 ||    90
       Irradiate         |       |       |       |       |       |       |    12 |    26 |    63 ||   101
       Swiftness         |       |       |       |       |       |       |     3 |     3 |     2 ||     8
       Lehudib's Crystal |       |       |       |       |       |       |     7 |   108 |   179 ||   294
       Statue Form       |       |       |       |       |       |       |       |     4 |    24 ||    28
       Fireball          |       |       |       |       |       |       |       |       |   814 ||   814
       Blink             |       |       |       |       |       |       |       |       |     2 ||     2
       Fire Storm        |       |       |       |       |       |       |       |       |    49 ||    49
       Ignition          |       |       |       |       |       |       |       |       |    21 ||    21
 Abil: Evoke Flight      |       |       |       |       |       |       |       |     3 |     5 ||     8
       Stop Flying       |       |       |       |       |       |       |       |     1 |       ||     1
       Blink             |       |       |       |       |       |       |       |       |     1 ||     1
Evoke: Wand              |       |       |       |     1 |     6 |       |    14 |     5 |     5 ||    31
       Lightning rod     |       |       |       |       |       |       |     2 |       |       ||     2
       Fan of gales      |       |       |       |       |       |       |     1 |     1 |       ||     2
  Use: Scroll            |       |     1 |    19 |    14 |    11 |     9 |    18 |     6 |    29 ||   107
       Potion            |       |       |     2 |     4 |     3 |     3 |     1 |     1 |    16 ||    30
 Stab: Distracted        |       |       |     1 |     1 |       |       |       |       |       ||     2
       Sleeping          |       |       |       |     2 |     1 |       |       |       |     2 ||     5
       Petrified         |       |       |       |       |     5 |       |       |       |       ||     5
  Eat: Chunk             |     1 |    10 |    12 |    32 |    43 |    48 |    70 |    56 |    39 ||   311
       Ration            |     1 |     2 |     4 |     4 |     9 |    18 |     6 |     6 |    28 ||    78
Armor: Robe              |    16 |    19 |     3 |       |    42 |    63 |    46 |    26 |    89 ||   304
       Leather armour    |       |       |     9 |    47 |    29 |       |       |       |       ||    85
       Troll leather arm |       |       |       |       |    28 |       |       |       |       ||    28
       Skin              |       |       |       |       |       |       |       |    52 |   162 ||   214
Dodge: Dodged            |    30 |    60 |    52 |   155 |   455 |   420 |   242 |   347 |   799 ||  2560
Block: Buckler           |       |       |    15 |    71 |   211 |   210 |   144 |   168 |   297 ||  1116
       Shield            |       |       |       |       |       |       |       |       |   124 ||   124
       Rpst.: Falchion   |       |       |       |       |       |       |       |       |    10 ||    10
       Double sword      |       |       |       |       |       |       |       |       |     1 ||     1
